 Dungeon Crawl Stone Soup version 0.23.1-37-gaa34b87b72 (webtiles) character file.

Game seed: 4356891512021678060

3317 GGGomer the Cleaver (level 9, 0/79 HPs)
             Began as a Minotaur Fighter on Mar 24, 2019.
             Was an Initiate of Makhleb.
             Slain by a yak (9 damage)
             ... on level 7 of the Dungeon.
             The game lasted 00:21:12 (6322 turns).

GGGomer the Cleaver (Minotaur Fighter)              Turns: 6322, Time: 00:21:12

Health: 0/79       AC: 13    Str: 25    XL:     9   Next: 71%
Magic:  8/8        EV: 10    Int:  5    God:    Makhleb [......]
Gold:   392        SH:  0    Dex: 11    Spells: 8/8 levels left

rFire    . . .     SeeInvis .   F - +3 shortbow (flame)
rCold    . . .     Gourm    +   (shield currently unavailable)
rNeg     . . .     Faith    .   A - +1 chain mail
rPois    .         Spirit   .   (helmet restricted)
rElec    .         Reflect  .   (no cloak)
rCorr    .         Harm     .   (no gloves)
MR       +....                  o - +0 pair of boots
Stlth    ..........             x - amulet of the gourmand
HPRegen  0.23/turn              H - ring of protection from magic (curse)
MPRegen  0.11/turn              j - +2 ring of strength

@: no status effects
A: retaliatory headbutt, horns 2
a: Renounce Religion


You were on level 7 of the Dungeon.
You worshipped Makhleb.
Makhleb was noncommittal.
You were full.

You visited 2 branches of the dungeon, and saw 8 of its levels.

You collected 392 gold pieces.

Inventory:

Hand Weapons
 F - a +3 shortbow of flaming (weapon)
 J - a +2 flail of venom
Missiles
 m - 234 stones
 n - 104 arrows (quivered)
 s - 34 bolts
 t - 2 javelins
 z - 18 sling bullets
 C - 2 tomahawks
Armour
 c - a +0 shield
 o - a +0 pair of boots (worn)
 A - a +1 chain mail (worn)
Jewellery
 j - a +2 ring of strength (right hand)
 x - an amulet of the gourmand (around neck)
 H - a cursed ring of protection from magic (left hand)
Wands
 u - a wand of paralysis (8)
 G - a wand of enslavement (7)
Scrolls
 b - 2 scrolls of identify
 e - a scroll of noise
 f - a scroll of magic mapping
 k - 2 scrolls of remove curse
 q - a scroll of enchant armour
 y - 5 scrolls of blinking
Potions
 a - a potion of curing {unknown}
 d - a potion of might
 h - 2 potions of haste
 i - 5 potions of degeneration
 l - 2 potions of magic
 v - 3 potions of brilliance
 w - 2 potions of invisibility
 E - 2 potions of berserk rage
Comestibles
 D - 3 rations


   Skills:
 + Level 7.3 Fighting
   Level 8.9 Axes
 * Level 4.9 Bows
 - Level 8.2 Armour
 + Level 4.4 Dodging
 - Level 0.3 Stealth
 - Level 7.6 Shields


You had 8 spell levels left.
You didn't know any spells.
Your spell library was empty.

Dungeon Overview and Level Annotations

Branches:
Dungeon (7/15)             Temple (1/1) D:6

Altars:
Ashenzari
Cheibriados
Elyvilon
Fedhas
Gozag
Hepliaklqana
Kikubaaqudgha
Makhleb
Okawaru
Qazlal
Ru
Sif Muna
Uskayaw
Vehumet
Wu Jian
Xom
Yredelemnul
Zin

Shops:
D:5 :


Innate Abilities, Weirdness & Mutations

You reflexively headbutt those who attack you in melee.
You have a pair of horns on your head.


Message History

Press: ? - help, Shift-Dir - straight line, f/p - yak
Aim: a yak (heavily wounded)
You shoot an arrow. The arrow hits the yak.
The arrow burns the yak.
The yak is severely wounded.
The hog bites you!
* * * LOW HITPOINT WARNING * * *
The yak gores you.
* * * LOW HITPOINT WARNING * * *
Firing (i - inventory. (/) - cycle)
n - 106 arrows (quivered)
Press: ? - help, Shift-Dir - straight line, f/p - yak
Aim: a yak (severely wounded)
You shoot an arrow. The arrow barely misses the yak.
The hog bites you but does no damage. The yak closely misses you.
Firing (i - inventory. (/) - cycle)
n - 105 arrows (quivered)
Press: ? - help, Shift-Dir - straight line, f/p - yak
Aim: a yak (severely wounded)
You shoot an arrow. The arrow barely misses the yak.
The hog bites you.
* * * LOW HITPOINT WARNING * * *
The yak gores you!
You die...

##.###......########.#
#...###...#.# #.#
#.#........####### #.#
#...####.###(.#%%###.##### #####
#.# #..#.%#.......# ##
##'###..(..###.#.#.# #### .#
##...##..#..# #.#.#.# #... .#
##....>#..#Yh###.#.#.# #.## .#
##......#####@#...#.#.# #.#.
.###.........#......##.#.#####...
...+.........'............<......
.###.........#.##...##.#######...
.# ##.......##.........# #... .#
##.....#######.##### ##.# .#
####...## #.# #.# .# #......# #.#
#.# .# #.###>.# #.# #.#


You could see a yak and a hog.

Vanquished Creatures
  Pikel (D:5)
  The ghost of Tutankhamun the Ruffian, an amateur TrMo (D:4)
  A human (D:7)
  2 hogs (D:7)
  A hungry ghost (D:5)
  Duvessa (D:5)
  3 ice beasts
  A slave (D:5)
  2 sky beasts
  2 ogres
  A necrophage (D:6)
  3 centaurs
  2 bullfrogs
  Dowan (D:5)
  2 scorpions
  2 howler monkeys
  3 wights (D:4)
  2 crimson imps
  An orc priest (D:6)
  A bullfrog skeleton (D:7)
  A gnoll shaman (D:6)
  2 hounds
  2 orc wizards (D:5)
  An iguana (D:4)
  2 worker ants
  3 hound skeletons
  A howler monkey skeleton (D:4)
  7 gnolls
  5 adders
  An ooze (D:2)
  5 worms
  3 dart slugs
  3 leopard geckos
  19 orcs
  3 giant cockroaches
  9 goblins
  10 hobgoblins
  9 jackals
  6 kobolds
  4 quokkas
  4 ball pythons
  4 bats
  4 frilled lizards
  A leopard gecko zombie (D:6)
  A quokka skeleton (D:4)
  4 rats
147 creatures vanquished.

Vanquished Creatures (others)
  A slave (D:5)
  2 orc priests (D:5)
  3 orc wizards (D:5)
  A shadow imp (D:5)
  A leopard gecko (D:5)
8 creatures vanquished.

Grand Total: 155 creatures vanquished

Notes
Turn   | Place    | Note
-------+----------+-------------------------------------------
     0 | D:1      | GGGomer the Minotaur Fighter began the quest for the Orb.
     0 | D:1      | Reached XP level 1. HP: 19/19 MP: 0/0
    70 | D:1      | Reached XP level 2. HP: 26/27 MP: 1/1
   861 | D:2      | Reached XP level 3. HP: 31/33 MP: 2/2
  1060 | D:2      | Reached skill level 1 in Dodging
  1070 | D:2      | Reached XP level 4. HP: 40/40 MP: 3/3
  1665 | D:3      | Found a snail-covered altar of Cheibriados.
  1845 | D:3      | Found a glowing silver altar of Zin.
  2384 | D:4      | Reached XP level 5. HP: 41/46 MP: 4/4
  2400 | D:4      | Noticed an ogre
  2407 | D:4      | Killed an ogre
  2418 | D:4      | Reached XP level 6. HP: 23/53 MP: 5/5
  2422 | D:4      | Reached skill level 5 in Axes
  2752 | D:4      | Reached skill level 5 in Armour
  2807 | D:4      | Reached skill level 5 in Shields
  2811 | D:4      | Reached skill level 5 in Fighting
  3015 | D:4      | Found a large runed translucent door.
  3015 | D:4      | Found a large runed translucent door.
  3020 | D:4      | Noticed Tutankhamun's ghost (amateur TrMo)
  3121 | D:4      | Reached XP level 7. HP: 58/61 MP: 6/6
  3296 | D:4      | Killed Tutankhamun's ghost
  3357 | D:5      | Entered Level 5 of the Dungeon
  3377 | D:5      | Noticed a hungry ghost
  3425 | D:5      | Killed a hungry ghost
  3450 | D:5      | Noticed Pikel
  3485 | D:5      | Killed Pikel
  3485 | D:5      | Reached XP level 8. HP: 8/70 MP: 7/7
  3842 | D:5      | Noticed Duvessa
  3842 | D:5      | Noticed Dowan
  3858 | D:5      | Killed Duvessa
  3866 | D:5      | Killed Dowan
  4229 | D:5      | Found Eneamoha's Book Emporium.
  4653 | D:6      | Reached XP level 9. HP: 75/75 MP: 8/8
  5101 | D:6      | Reached skill level 1 in Bows
  5307 | D:6      | Found a blossoming altar of Fedhas.
  5347 | D:6      | Found an ancient bone altar of Kikubaaqudgha.
  5373 | D:6      | Found a staircase to the Ecumenical Temple.
  5767 | Temple   | Entered the Ecumenical Temple
  5831 | Temple   | Became a worshipper of Makhleb the Destroyer
  6322 | D:7      | Slain by a yak

Skill      XL: |  1  2  3  4  5  6  7  8  9 |
---------------+----------------------------+-----
Fighting       | 4 5 6 7 |  7.3
Shields        | 4 5 6 7 |  7.6
Armour         | 4 5 7 8 |  8.2
Axes           | 3 4 5 6 8 |  8.9
Dodging        | 1 2 4 |  4.4
Bows           | 4 |  4.9
Stealth        | |  0.3

Action                   |  1- 3 |  4- 6 |  7- 9 || total
-------------------------+-------+-------+-------++-------
Melee: War axe           |    83 |   101 |   183 ||   367
       Headbutt          |    13 |    21 |    29 ||    63
 Fire: Shortbow          |       |       |    95 ||    95
  Use: Scroll            |       |     5 |    12 ||    17
       Potion            |       |       |     1 ||     1
  Eat: Ration            |       |     3 |     6 ||     9
       Chunk             |       |     7 |     8 ||    15
Armor: Scale mail        |    33 |    16 |       ||    49
       Chain mail        |       |    29 |   121 ||   150
Dodge: Dodged            |    31 |    34 |    83 ||   148
Block: Shield            |    48 |    50 |   120 ||   218
